 Dungeon Crawl Stone Soup version 0.30-a0-311-gf115ab0292 (webtiles) character file.

Game seed: 10773146254266690343

59 NinjaNoafa the Cutter (level 4, -4/35 HPs)
             Began as a Human Monk on Oct 25, 2022.
             Slain by a gnoll
             ... wielding a +0 whip of flaming
              (7 damage)
             ... on level 2 of the Dungeon.
             The game lasted 00:03:51 (1283 turns).

NinjaNoafa the Cutter (Human Monk)                  Turns: 1283, Time: 00:03:52

Health: -4/35      AC:  3    Str: 12    XL:     4   Next: 22%
Magic:  6/6        EV: 13    Int: 10    God:
Gold:   69         SH:  0    Dex: 17    Spells: 5/5 levels left

rFire   . . .      SeeInvis .    a - +1 short sword
rCold   . . .      Faith    .    (no shield)
rNeg    . . .      Spirit   .    b - +1 robe
rPois   .          Reflect  .    (no helmet)
rElec   .          Harm     .    (no cloak)
rCorr   .          Rampage  .    (no gloves)
Will    .....                    (no boots)
Stlth   +++.......               (no amulet)
HPRegen 0.25/turn                (no ring)
MPRegen 0.10/turn                (no ring)

@: no status effects
A: no striking features
a: no special abilities


You were on level 2 of the Dungeon.
You visited 1 branch of the dungeon, and saw 3 of its levels.

You collected 69 gold pieces.

Inventory:

Hand Weapons
 a - a +1 short sword (weapon)
Missiles
 h - 6 stones (quivered)
Armour
 b - a +1 robe (worn)
Scrolls
 c - a scroll of silence {unknown}


   Skills:
 - Level 3.0 Fighting
 + Level 3.5 Short Blades
 - Level 3.0 Dodging
 * Level 3.4 Stealth
 + Level 1.3 Spellcasting


You had 5 spell levels left.
You didn't know any spells.
Your spell library was empty.

Dungeon Overview and Level Annotations

Branches:
Dungeon (3/15)

Altars:


Message History

You hit the gnoll.
The gnoll is lightly wounded.
The gnoll hits you with a +0 whip of flaming!
The gnoll burns you.
* * * LOW HITPOINT WARNING * * *
You barely miss the gnoll.
The gnoll is lightly wounded.
The gnoll completely misses you.
You hit the gnoll.
The gnoll is heavily wounded.
The gnoll misses you.
You hit the gnoll but do no damage.
The gnoll is heavily wounded.
The gnoll closely misses you.
You hit the gnoll but do no damage.
The gnoll is heavily wounded.
You hit the gnoll.
The gnoll is almost dead.
The gnoll misses you.
You closely miss the gnoll.
The gnoll is almost dead.
The gnoll completely misses you.
You barely miss the gnoll.
The gnoll is almost dead.
The gnoll hits you with a +0 whip of flaming.
* * * LOW HITPOINT WARNING * * *
The gnoll burns you.
* * * LOW HITPOINT WARNING * * *
You hit the gnoll.
The gnoll is almost dead.
The gnoll barely misses you.
You closely miss the gnoll.
The gnoll is almost dead.
You barely miss the gnoll.
The gnoll is almost dead.
The gnoll barely misses you.
You hit the gnoll but do no damage.
The gnoll is almost dead.
The gnoll hits you with a +0 whip of flaming!
You die...

#.....####.#
#..........#
#.##......###.#.#
#.........# #.#.#
###.......# #.#.#
#####...# #.#.#
######...###.#.#
#......#.).#g#.# #
#.######.#.#@#(#.#
#.# #.#.....#.#####
#.# #.####.........
#####.#
#......>#.####
......##############
# .............
...########## ##.#
...#


You could see a gnoll.

Vanquished Creatures
  3 gnolls (D:2)
  A dart slug (D:1)
  3 endoplasms
  A giant cockroach (D:1)
  3 goblins
  4 hobgoblins (D:1)
  2 jackals (D:1)
  A quokka (D:1)
  2 bats (D:1)
  3 frilled lizards
  2 rats
25 creatures vanquished.

Vanquished Creatures (collateral kills)
  A goblin (D:1)
  A hobgoblin (D:1)
  A rat (D:1)
3 creatures vanquished.

Grand Total: 28 creatures vanquished

Notes
Turn   | Place    | Note
-------+----------+-------------------------------------------
     0 | D:1      | NinjaNoafa the Human Monk began the quest for the Orb.
     0 | D:1      | Reached XP level 1. HP: 18/18 MP: 1/1
    63 | D:1      | Reached XP level 2. HP: 21/24 MP: 2/2
   295 | D:1      | Found a faded altar of an unknown god.
   420 | D:1      | HP: 1/24 [hobgoblin (3)]
   445 | D:1      | Reached XP level 3. HP: 8/29 MP: 4/4
   447 | D:1      | Reached skill level 1 in Spellcasting
  1127 | D:2      | Reached XP level 4. HP: 8/35 MP: 5/5
  1283 | D:2      | Slain by a gnoll

Illustrated notes

Levels and vault maps discovered:
D:1:      lemuel_arrival_room, layout_rooms, ebering_ecumenical_altar_rust
D:2:      layout_basic, minmay_misc_feat_hallway
D:3:      layout_rooms, general_overflow_altar, nemelex_spade_bored_becter,
          mainiacjoe_overflow_six_doors_small, uniq_grinder

Skill      XL: |  1  2  3 |
---------------+----------+-----
Spellcasting   | 1 |  1.3
Stealth        | 3 |  3.4
Fighting       | |  3.0
Short Blades   | |  3.5
Dodging        | |  3.0

Action                   |  1- 3 |  4- 6 || total
-------------------------+-------+-------++-------
Melee: Short sword       |    97 |    20 ||   117
       Punch             |     2 |       ||     2
  Use: Scroll            |     7 |       ||     7
       Potion            |     3 |       ||     3
 Stab: Sleeping          |     4 |       ||     4
Armor: Robe              |    11 |       ||    11
Dodge: Dodged            |    88 |    10 ||    98

Table legend: (Time is in decaauts)
 A = Elapsed time spent in this place.
 B = Non-inter-level travel time spent in this place.
 C = Inter-level travel time spent in this place.
 D = Time resting spent in this place.
 E = Time spent auto-exploring this place.
 F = Levels seen in this place.
 G = Mean time per level.
                   A        B        C        D        E       F      G
               +--------+--------+--------+--------+--------+-----+--------+
         Total |   1264 |   1190 |     74 |      0 |    887 |   3 |  421.3 |
       Dungeon |   1264 |   1190 |     74 |      0 |    887 |   3 |  421.3 |
               +--------+--------+--------+--------+--------+-----+--------+

Top non-repeatable levels by time:
     D:1: 907 daAuts
     D:2: 258 daAuts
     D:3: 98 daAuts
